 Dungeon Crawl Stone Soup version 0.20-a0-633-gff4aa5c (webtiles) character file.

35151 TuxedoFelix the Severer (level 13, -2/187 HPs)
             Began as a Minotaur Berserker on Feb 11, 2017.
             Was an Elder of Trog.
             Shot with an arrow by something (7 damage)
             ... on level 14 of the Dungeon.
             The game lasted 02:13:33 (18205 turns).

TuxedoFelix the Severer (Minotaur Berserker)       Turns: 18205, Time: 02:13:35

Health: -2/187     AC: 21    Str: 30    XL:     13   Next: 46%
Magic:  12/12      EV:  8    Int:  4    God:    Trog [****..]
Gold:   460        SH: 13    Dex: 12    Spells: 12/12 levels left

rFire    . . .     SeeInvis .   l - +0 war axe
rCold    + . .     Gourm    .   M - +1 plate armour {rC+}
rNeg     . . .     Faith    .   E - +0 shield
rPois    +         Spirit   .   F - +2 hat
rElec    .         Reflect  .   k - +0 cloak
rCorr    .         Harm     .   L - +0 pair of gloves
MR       ++...                  (no boots)
Stlth    ..........             (no amulet)
Regen    1.5/turn               C - ring of poison resistance
                                j - ring of stealth

@: berserking, lethally poisoned (-2 -> -17), regenerating, very quick
A: retaliatory headbutt, horns 2
a: Berserk, Trog's Hand, Brothers in Arms, Burn Spellbooks, Renounce Religion


You were on level 14 of the Dungeon.
You worshipped Trog.
Trog was greatly pleased with you.
You were hungry.

You visited 1 branch of the dungeon, and saw 14 of its levels.

You collected 905 gold pieces.
You spent 445 gold pieces at shops.

Inventory:

Hand Weapons
 a - a +2 hand axe of flaming
 l - a +0 war axe (weapon)
 r - a -1 shortbow
 R - a +0 arbalest
Missiles
 s - 7 tomahawks
 H - 2 throwing nets
 Q - 70 arrows
 V - a tomahawk of dispersal (quivered)
 W - 50 bolts
Armour
 k - a +0 cloak (worn)
 E - a +0 shield (worn)
 F - a +2 hat (worn)
 L - a +0 pair of gloves (worn)
 M - a +1 plate armour of cold resistance (worn)
 S - a +0 large shield
Jewellery
 j - a ring of stealth (left hand)
 C - a ring of poison resistance (right hand)
Wands
 g - a wand of polymorph (13/24)
 D - a wand of polymorph (10/24)
 O - a wand of iceblast (5/15)
 P - a wand of random effects (12/48)
Scrolls
 c - a scroll of teleportation
 d - 2 scrolls of recharging
 i - a scroll of immolation
 t - a scroll of enchant armour
 v - a scroll of magic mapping
 w - a scroll of fog
 A - 2 scrolls of enchant weapon
 G - a scroll of noise {unknown}
 T - 2 scrolls of fear {unknown}
 Y - a scroll of remove curse
Potions
 b - a potion of cancellation {unknown}
 o - a potion of resistance
 p - a potion of berserk rage {unknown}
 u - 6 potions of curing
 x - 3 potions of brilliance
 z - a potion of lignification {unknown}
 J - a potion of mutation {unknown}
Books
 y - a book of Geomancy

   Spells                             Type                      Level
   a - Sandblast                      Earth                        1
   b - Passwall                       Transmutation/Earth          2
   c - Stone Arrow                    Conjuration/Earth            3
   d - Petrify                        Transmutation/Earth          4
   e - Lee's Rapid Deconstruction     Earth                        5
   Trog disapproves of the use of such an item.
 X - a book of Power

   Spells                             Type                      Level
   a - Iskenderun's Battlesphere      Conjuration/Charms           5
   b - Venom Bolt                     Conjuration/Poison           5
   c - Bolt of Magma                  Conjuration/Fire/Earth       5
   d - Iron Shot                      Conjuration/Earth            6
   e - Orb of Destruction             Conjuration                  7
   f - Spellforged Servitor           Conjuration/Summoning        7
   Trog disapproves of the use of such an item.
Miscellaneous
 e - a sack of spiders
 K - a phial of floods
Comestibles
 f - 11 meat rations
 B - 4 bread rations
 I - 7 royal jellies


   Skills:
 + Level 14.3 Fighting
 + Level 16.7 Axes
 + Level 12.6 Armour
 - Level 2.1 Dodging
 * Level 10.4 Shields


You had 12 spell levels left.
You didn't know any spells.

Dungeon Overview and Level Annotations

Branches:
Dungeon (14/15)            Temple (0/1) D:6            Lair (0/6) D:11
    Orc (0/2) D:11         Vaults (0/5) D:13

Altars:
Ashenzari
Cheibriados
Dithmenos
Makhleb
Qazlal
Ru
Sif Muna
Trog
Uskayaw
Vehumet
Xom

Shops:
D:5 [   D:6 *[(   D:9 =*

Annotations:
D:14 Nessos


Innate Abilities, Weirdness & Mutations

You reflexively headbutt those who attack you in melee.
You have a pair of horns on your head.


Message History

A red film seems to cover your vision as you go berserk!
You feel yourself moving faster!
You feel mighty!
You are feeling hungry.
You feel the effects of Trog's Hand fading.
You feel very sick.
An arrow appears from out of thin air!
The arrow hits you! The arrow burns you.
An arrow appears from out of thin air!
The arrow hits you!!
* * * LOW HITPOINT WARNING * * *
The arrow burns you!
* * * LOW HITPOINT WARNING * * *
You are too berserk!
You feel a strong urge to attack something.
You feel sick.
You feel sick.
You hear a loud twanging sound.
An arrow appears from out of thin air!
The arrow hits you!!
* * * LOW HITPOINT WARNING * * *
The arrow burns you!
You are lethally poisoned!
You die...

#.# #.# #c #.# #.
#.# #.# #.# #.##
#.# ##..### .#
#.###.....######..#
#.......((((((....#
#......_...@......#
#(........#######.#
#(........# #
#.......###
#.(.....#
#.(.....##
#........#
#....^...#
#....^_^.#


There were no monsters in sight!

Vanquished Creatures
  Kirke (D:14)
  A yaktaur captain (D:13)
  3 hydras
  5 two-headed ogres
  A death knight (D:14)
  An unseen horror (D:9)
  3 cyclopes
  3 manticores
  2 ugly things
  A guardian serpent (shapeshifter) (D:13)
  A kobold demonologist (D:14)
  2 yaktaurs (D:13)
  A harpy zombie (D:14)
  4 trolls
  Grinder (D:6)
  5 slime creatures (D:13)
  2 dream sheep (D:9)
  A meliai zombie (D:12)
  7 hippogriffs
  3 shadows
  6 wraiths (D:14)
  A wyvern (D:11)
  36 yaks
  A spriggan (shapeshifter) (D:14)
  9 humans (D:8)
  3 hungry ghosts
  4 hogs (D:14)
  A basilisk (D:11)
  3 vampire mosquitoes (D:12)
  Menkaure (D:4)
  A warg (D:11)
  An acid dragon (D:13)
  Duvessa (D:5)
  A water moccasin (D:9)
  4 sky beasts
  10 orc warriors
  A porcupine (D:11)
  3 black bears
  A hornet zombie (D:13)
  2 ice beasts
  2 phantoms
  2 eyes of draining
  12 ogres
  2 necrophages
  3 centaurs
  A crocodile (D:11)
  Blork the orc (D:4)
  6 big kobolds
  A gnoll sergeant (D:11)
  11 bullfrogs
  Dowan (D:5)
  2 scorpions
  15 wights
  A howler monkey (D:10)
  4 crimson imps
  2 centaur zombies
  A quasit (D:11)
  A bullfrog zombie (D:11)
  A bullfrog skeleton (D:11)
  A gnoll shaman (D:5)
  8 orc priests
  3 centaur skeletons
  8 hounds
  5 jellies
  12 orc wizards
  Jessica (D:8)
  An iguana (D:14)
  8 worker ants
  A hound zombie (D:6)
  2 hound skeletons
  A worker ant zombie (D:5)
  23 gnolls
  A howler monkey skeleton (D:5)
  10 adders
  4 shadow imps
  An ooze (D:3)
  An adder zombie (D:5)
  3 adder skeletons
  8 worms
  4 dart slugs
  7 leopard geckos
  50 orcs
  9 bats
  7 giant cockroaches
  8 hobgoblins
  15 jackals
  5 quokkas
  2 ball pythons
  4 frilled lizards
  9 goblins
  A jackal skeleton (D:8)
  15 kobolds
  A leopard gecko zombie (D:5)
  A quokka skeleton (D:6)
  9 rats
  2 fungi (D:11)
458 creatures vanquished.

Vanquished Creatures (collateral kills)
  Sonja (D:14)
  2 wizards (D:14)
  2 yaks (D:12)
  A vampire mosquito (D:12)
6 creatures vanquished.

Vanquished Creatures (others)
  A human (D:14)
1 creature vanquished.

Grand Total: 465 creatures vanquished

Notes
Turn   | Place    | Note
-------+----------+-------------------------------------------
     0 | D:1      | TuxedoFelix the Minotaur Berserker began the quest for the Orb.
     0 | D:1      | Reached XP level 1. HP: 19/19 MP: 0/0
   219 | D:1      | Reached skill level 4 in Axes
   222 | D:1      | Reached XP level 2. HP: 27/27 MP: 1/1
   916 | D:2      | Reached XP level 3. HP: 33/33 MP: 2/2
   959 | D:2      | Found a snail-covered altar of Cheibriados.
  1023 | D:2      | Reached ** piety under Trog
  1281 | D:2      | Reached XP level 4. HP: 36/40 MP: 3/3
  1359 | D:2      | Reached skill level 5 in Axes
  1924 | D:3      | Reached XP level 5. HP: 44/47 MP: 4/4
  2033 | D:3      | Reached skill level 6 in Axes
  2069 | D:3      | Found a radiant altar of Vehumet.
  2216 | D:3      | You fall through a shaft for 3 floors!
  2220 | D:5      | Entered Level 5 of the Dungeon
  2257 | D:5      | Reached *** piety under Trog
  2447 | D:5      | Noticed a necrophage
  2454 | D:5      | Killed a necrophage
  2454 | D:5      | Reached skill level 5 in Fighting
  2454 | D:5      | Reached XP level 6. HP: 55/55 MP: 5/5
  2554 | D:5      | Noticed a sky beast
  2564 | D:5      | Killed a sky beast
  2564 | D:5      | Reached skill level 7 in Axes
  2637 | D:5      | Reached XP level 7. HP: 60/60 MP: 6/6
  3073 | D:4      | Noticed Menkaure
  3085 | D:4      | Killed Menkaure
  3085 | D:4      | Reached skill level 5 in Armour
  3199 | D:4      | Noticed Blork the orc
  3208 | D:4      | Killed Blork the orc
  3208 | D:4      | Reached skill level 8 in Axes
  3557 | D:4      | Found a bloodstained altar of Trog.
  3584 | D:4      | Got an encrusted hand axe {flame}
  3594 | D:4      | Identified the +3 hand axe of Moderation {flame, MR- Dex+4} (You took it off a gnoll on level 4 of the Dungeon)
  4342 | D:5      | Reached **** piety under Trog
  4465 | D:5      | Found a shadowy altar of Dithmenos.
  4571 | D:5      | Noticed Dowan
  4572 | D:5      | Noticed Duvessa
  4584 | D:5      | Killed Duvessa
  4584 | D:5      | Reached skill level 9 in Axes
  4584 | D:5      | Reached XP level 8. HP: 70/70 MP: 7/7
  4614 | D:5      | Killed Dowan
  4682 | D:5      | Found Tadgh's Antique Armour Shop.
  4692 | D:5      | Bought a shield for 144 gold pieces
  5027 | D:5      | Reached skill level 10 in Axes
  5737 | D:6      | Noticed Grinder
  5741 | D:6      | Paralysed by Grinder for 2 turns
  5747 | D:6      | Killed Grinder
  5747 | D:6      | Reached skill level 11 in Axes
  5988 | D:6      | Reached XP level 9. HP: 60/80 MP: 8/8
  6027 | D:6      | HP: 4/81 [wight/enchanted halberd (12)]
  6027 | D:6      | HP: 1/81 [wight/enchanted halberd (3)]
  6496 | D:6      | Found Serurchoata's Assorted Antiques.
  6536 | D:6      | Bought a scroll labeled VOMPEEM ONUONIUMY for 25 gold pieces
  6536 | D:6      | Bought an agate ring for 125 gold pieces
  6536 | D:6      | Bought a scroll labeled ZAWEOCE XYGI for 25 gold pieces
  6664 | D:6      | Found a sacrificial altar of Ru.
  6668 | D:6      | Found a hide-covered altar of Uskayaw.
  6771 | D:6      | Found Zoeben's Armour Shoppe.
  7123 | D:6      | Found Dedaat's Weapon Shoppe.
  7138 | D:6      | Found a staircase to the Ecumenical Temple.
  7451 | D:7      | Reached skill level 12 in Axes
  7652 | D:7      | You fall through a shaft for 2 floors!
  7883 | D:8      | Found a runed door.
  7934 | D:8      | Found a runed door.
  7937 | D:8      | Found a runed door.
  7941 | D:8      | Noticed Jessica
  7943 | D:8      | Killed Jessica
  7978 | D:8      | Reached skill level 13 in Axes
  8002 | D:8      | Reached skill level 10 in Fighting
  8002 | D:8      | Reached XP level 10. HP: 92/93 MP: 9/9
  8035 | D:8      | Reached skill level 14 in Axes
  8091 | D:8      | Found a runed door.
  8154 | D:8      | Found a large runed door.
  8154 | D:8      | Found a large runed door.
  8295 | D:8      | Found a runed door.
  8537 | D:8      | Found a large runed door.
  8543 | D:8      | Found a runed door.
  8547 | D:8      | Found a runed door.
  8550 | D:8      | Found a runed door.
  8551 | D:8      | Found a runed door.
  9469 | D:9      | Found a stormy altar of Qazlal.
  9499 | D:9      | Killed an unseen horror
  9499 | D:9      | Reached skill level 15 in Axes
  9631 | D:9      | Found a shattered altar of Ashenzari.
  9757 | D:9      | Found Wiplia's Jewellery Shop.
  9874 | D:9      | Found a deep blue altar of Sif Muna.
  9896 | D:9      | Found Godamouh's General Store.
  9901 | D:9      | Bought a potion of curing for 42 gold pieces
  9901 | D:9      | Bought a scroll of remove curse for 42 gold pieces
  9901 | D:9      | Bought a scroll of teleportation for 42 gold pieces
  9976 | D:9      | Noticed a three-headed hydra
  9983 | D:9      | Killed a one-headed hydra
  9983 | D:9      | Reached XP level 11. HP: 85/102 MP: 10/10
 10481 | D:9      | Reached skill level 16 in Axes
 10669 | D:10     | Entered Level 10 of the Dungeon
 10938 | D:10     | Reached skill level 1 in Shields
 10981 | D:10     | Noticed a two-headed ogre
 10987 | D:10     | Killed a two-headed ogre
 11955 | D:11     | Found a staircase to the Orcish Mines.
 11978 | D:11     | Noticed a five-headed hydra
 11992 | D:11     | Killed a two-headed hydra
 12223 | D:11     | Noticed a green ugly thing
 12232 | D:11     | Killed a green ugly thing
 12425 | D:11     | Reached ***** piety under Trog
 12534 | D:11     | Noticed a four-headed hydra
 12548 | D:11     | Killed a one-headed hydra
 12548 | D:11     | Reached skill level 5 in Shields
 12548 | D:11     | Reached XP level 12. HP: 69/113 MP: 11/11
 12842 | D:11     | Reached skill level 10 in Armour
 13110 | D:11     | Found a staircase to the Lair.
 13189 | D:11     | Noticed a two-headed ogre
 13197 | D:11     | Killed a two-headed ogre
 13835 | D:12     | Found a burning altar of Makhleb.
 14188 | D:12     | Noticed a two-headed ogre
 14195 | D:12     | Killed a two-headed ogre
 15470 | D:13     | Noticed a two-headed ogre
 15501 | D:13     | Killed a two-headed ogre
 15516 | D:13     | Noticed a yaktaur captain
 15985 | D:13     | Found a gate to the Vaults.
 16289 | D:13     | Killed a yaktaur captain
 16289 | D:13     | Reached XP level 13. HP: 96/123 MP: 12/12
 16753 | D:14     | Noticed Kirke
 16776 | D:14     | Killed Kirke
 16923 | D:14     | Noticed Sonja
 16941 | D:14     | Killed Sonja
 17474 | D:14     | Reached skill level 10 in Shields
 17950 | D:14     | Found a shimmering altar of Xom.
 17953 | D:14     | Found a shimmering altar of Xom.
 18182 | D:14     | Noticed Nessos
 18205 | D:14     | HP: 5/187 [something (23)]
 18205 | D:14     | Shot with an arrow by something

Vault maps used:
D:1:      shiori_angband_town, minmay_hedge_maze
D:2:      cheibriados_altar_1
D:3:      vehumet_crystals
D:4:      minmay_stone_trees_small, trog_butcher_becter, uniq_menkaure,
          uniq_crazy_yiuf_cottage, uniq_blork_the_orc
D:5:      nicolae_overflow_crystal_walls, serial_shops, shop, first_bread,
          minmay_joined_circles, uniq_duvessa
D:6:      nicolae_overflow_hidden_temple, temple_green, serial_shops,
          nicolae_shop_waterfront, nicolae_shop_behind_doors, shop, uniq_grinder
D:7:      kennysheep_mini_moat
D:8:      erik_cavepeople
D:9:      overflow_temple_1_default, grunt_qazlal_clouds, old_standard_altar,
          serial_shops, shop, kennysheep_little_box, hangedman_ranch
D:11:     grunt_lair_entry_orc_guard_hut, david_orc_3, minmay_misc_feat_tiny,
          st_stairs_11
D:12:     bloody_makhleb
D:13:     david_vaults_2, minmay_holes
D:14:     kennysheep_flooded_box, basic_altar, xom_teletrap_fun, uniq_kirke,
          uniq_nessos, uniq_josephine, uniq_sonja

Skill      XL: |  1  2  3  4  5  6  7  8  9 10 11 12 13 |
---------------+----------------------------------------+-----
Axes           | 4 5 6 7 9 11 13 15 16 | 16.7
Fighting       | 4 5 6 8 10 11 12 13 14 | 14.3
Armour         | 3 4 5 9 12 | 12.6
Shields        | 5 8 10 | 10.4
Dodging        | |  2.1

Action                   |  1- 3 |  4- 6 |  7- 9 | 10-12 | 13-15 || total
-------------------------+-------+-------+-------+-------+-------++-------
Melee: Hand axe          |    69 |   130 |   157 |    40 |       ||   396
       Headbutt          |    12 |    14 |    90 |   172 |    57 ||   345
       Whip              |       |       |    45 |       |       ||    45
       Morningstar       |       |       |   131 |       |       ||   131
       War axe           |       |       |    69 |   626 |   226 ||   921
       Unarmed           |       |       |       |       |     2 ||     2
Throw: Tomahawk          |       |       |       |     3 |       ||     3
Invok: Trog's Hand       |       |     2 |     9 |    19 |    11 ||    41
       Berserk           |       |     1 |     9 |    17 |     4 ||    31
       Brothers in Arms  |       |       |       |     4 |     2 ||     6
  Use: Scroll            |     1 |     2 |    14 |     9 |       ||    26
       Potion            |       |       |     4 |     4 |     1 ||     9
  Eat: Chunk             |     1 |     5 |    14 |    20 |     8 ||    48
       Bread ration      |       |     1 |     1 |     3 |       ||     5
       Royal jelly       |       |       |     1 |       |       ||     1
       Meat ration       |       |       |     1 |     3 |       ||     4
       Fruit             |       |       |     1 |     7 |     7 ||    15
Armor: Animal skin       |     7 |       |       |       |       ||     7
       Scale mail        |    19 |    42 |   145 |    81 |       ||   287
       Plate armour      |       |       |       |   266 |    74 ||   340
Dodge: Dodged            |    47 |    65 |   177 |   228 |    42 ||   559
Block: Shield            |       |       |       |    72 |   110 ||   182
